 Dungeon Crawl Stone Soup version 0.21-a0-278-ga722497 (webtiles) character file.

9 vishdafish the Skirmisher (level 2, 24/24 HPs)
             Began as a Demonspawn Fighter on Sept 23, 2017.
             Quit the game on level 1 of the Dungeon.
             The game lasted 00:00:17 (516 turns).

vishdafish the Skirmisher (Demonspawn Fighter)       Turns: 516, Time: 00:00:18

Health: 24/24      AC:  8    Str: 16    XL:     2   Next: 3%
Magic:  2/2        EV:  6    Int:  9    God:
Gold:   34         SH:  8    Dex: 12    Spells: 1/1 levels left

rFire    . . .     SeeInvis .   a - +0 war axe
rCold    . . .     Gourm    .   c - +0 shield
rNeg     . . .     Faith    .   b - +0 scale mail
rPois    .         Spirit   .   (no helmet)
rElec    .         Reflect  .   (no cloak)
rCorr    .         Harm     .   (no gloves)
MR       .....                  (no boots)
Stlth    ..........             (no amulet)
HPRegen  0.08/turn              (no ring)
MPRegen  0.08/turn              (no ring)

@: no status effects
A: iridescent scales 1
a: no special abilities


You were on level 1 of the Dungeon.
You were not hungry.

You visited 1 branch of the dungeon, and saw 1 of its levels.

You collected 34 gold pieces.

Inventory:

Hand Weapons
 a - a +0 war axe (weapon)
Armour
 b - a +0 scale mail (worn)
 c - a +0 shield (worn)
Scrolls
 e - a scroll of magic mapping {unknown}
 g - a scroll of random uselessness {unknown}
 h - a scroll of blinking {unknown}
 k - a scroll of recharging {unknown}
Potions
 d - a potion of might
 i - a potion of berserk rage {unknown}
Comestibles
 f - a bread ration
 j - a royal jelly


   Skills:
 + Level 3.1 Fighting
 + Level 1.7 Axes
 + Level 3.1 Armour
 + Level 2.7 Shields


You had one spell level left.
You didn't know any spells.

Dungeon Overview and Level Annotations

Branches:
Dungeon (1/15)

Altars:


Innate Abilities, Weirdness & Mutations

You are partially covered in iridescent scales. (AC +2)


Message History

There is an open door here.
A bat and a goblin come into view.
The goblin shouts!
A goblin is nearby!
The bat hits you but does no damage. You block the bat's attack.
You hit the goblin.
You kill the goblin!
You closely miss the bat. You block the bat's attack.
The bat barely misses you. The bat completely misses you.
The bat hits you but does no damage.
Found a scroll labeled YKEGEPUHUQU.
You slash the bat!
You kill the bat!
You have reached level 2!
Your demonic ancestry asserts itself...
Iridescent scales grow over part of your body.
k - a scroll labeled YKEGEPUHUQU No target in view!
Are you sure you want to abandon this character and quit the game? (Confirm with "yes".)

#.### ... #.# #...#
...#####.# ###.#
#........# ##.### ###.#
#........# #....# #....
#........# #....# #.#..
#........# #....# #.#..
#........####....# #.#.#
##.......@...+....# #.#.#
#.......######....####.#.#
#....†............'....#.#
#.......######....######.#
#.......######....# #.#
#.................# #.#
#.......#########.# #+#
#......## #.# #......# #.#


There were no monsters in sight!

Vanquished Creatures
  A bat (D:1)
  A giant cockroach (D:1)
  3 goblins (D:1)
  A hobgoblin (D:1)
  A rat (D:1)
7 creatures vanquished.

Notes
Turn   | Place    | Note
-------+----------+-------------------------------------------
     0 | D:1      | vishdafish the Demonspawn Fighter began the quest for the Orb.
     0 | D:1      | Reached XP level 1. HP: 18/18 MP: 1/1
   511 | D:1      | Gained mutation: You are partially covered in iridescent scales. (AC +2) [demonic ancestry]
   511 | D:1      | Reached XP level 2. HP: 24/24 MP: 2/2
   516 | D:1      | Quit the game

Vault maps used:
D:1:      dpeg_arrival_connections, minmay_misc_feat_diagonals

Skill      XL: |  1 |
---------------+----+-----
Armour         | 3 |  3.1
Fighting       | |  3.1
Axes           | |  1.7
Shields        | |  2.7

Action                   || total
-------------------------++-------
Melee: War axe           ||    12
Armor: Scale mail        ||     6
Dodge: Dodged            ||     6
Block: Shield            ||     4

Table legend:
 A = Spawn XP
 B = Non-spawn XP
 C = Spawn XP percentage of total XP
 D = Spawn monster count
 E = Non-spawn monster count
 F = Spawn count percentage of total count
 G = Total turns spent on level
                    A         B        C        D         E        F      G
               +---------+---------+-------+---------+---------+-------+---------
         Total |       0 |      13 |   0.0 |       0 |       7 |   0.0 |   516
               +---------+---------+-------+---------+---------+-------+---------
           D:1 |       0 |      13 |   0.0 |       0 |       7 |   0.0 |   516
               +---------+---------+-------+---------+---------+-------+---------
